 Dungeon Crawl Stone Soup version 0.31-a0-145-g046c7d2549 (webtiles) character file.

Game seed: 3776147775419720298

299 jlumianski the Magician (level 6, -3/41 HPs)
             Began as a Djinni Fire Elementalist on June 7, 2023.
             Slain by Prince Ribbit (6 damage)
             ... on level 5 of the Dungeon.
             The game lasted 00:23:06 (3759 turns).

jlumianski the Magician (Djinni Fire Elementalist)  Turns: 3759, Time: 00:23:07

Health: -3/41      AC:  7    Str:  7    XL:     6   Next: 63%
Gold:   69         EV: 13    Int: 18    God:
                   SH:  0    Dex: 14

rFire   + + .        c - +0 short sword
rCold   x . .        (no shield)
rNeg    . . .        a - +0 robe
rPois   ∞            (no helmet)
rElec   .            l - +2 cloak
rCorr   .            s - +1 pair of gloves
SInv    .            (boots unavailable)
Will    .....        (no amulet)
Stlth   ++           (no ring)
HPRegen 0.26/turn    (no ring)
MPRegen 0.00/turn

%: infuse magic (-4 HP)
@: flying
A: sickness immunity, fire resistance 2, cold vulnerability 1, float, innate
caster, HP casting, extra vitality 1
a: no special abilities


You were on level 5 of the Dungeon.
You visited 1 branch of the dungeon, and saw 5 of its levels.

You collected 69 gold pieces.

Inventory:

Hand Weapons
 c - a +0 short sword (weapon)
 k - a +2 quarterstaff of chaos
Missiles
 h - 22 poisoned darts
Armour
 a - a +0 robe (worn)
 l - a +2 cloak (worn)
 n - a +0 ring mail
 s - a +1 pair of gloves (worn)
Jewellery
 b - a +5 ring of evasion
Scrolls
 d - 2 scrolls of fear
 e - a scroll of magic mapping
 f - a scroll of blinking {unknown}
 g - 2 scrolls of enchant armour
 m - a scroll of torment {unknown}
 o - a scroll of amnesia {unknown}
 p - a scroll of teleportation {unknown}
 q - 2 scrolls of noise {unknown}
 u - a scroll of identify
Potions
 i - a potion of curing
 j - a potion of haste
 r - a potion of lignification
 t - a potion of heal wounds


   Skills:
 + Level 0.8 Fighting
 + Level 0.9 Short Blades
 + Level 3.7 Dodging
 + Level 2.8 Stealth
 * Level 4.4 Spellcasting
 * Level 4.4 Conjurations
 * Level 4.4 Hexes
 * Level 4.4 Summonings
 * Level 4.4 Necromancy
 * Level 4.4 Translocations
 * Level 4.4 Transmutations
 * Level 4.4 Fire Magic
 * Level 4.4 Ice Magic
 * Level 4.4 Air Magic
 * Level 4.4 Earth Magic
 * Level 4.4 Poison Magic


You knew the following spells:

 Your Spells              Type           Power      Damage    Failure   Level
a - Foxfire               Conj/Fire      80%        2x1d8     2%          1
b - Scorch                Fire           40%        2d6       3%          2
c - Volatile Blastmotes   Fire/Tloc      40%        2d13      7%          3
d - Inner Flame           Hex/Fire       20%        N/A       7%          3
e - Flame Wave            Conj/Fire      20%        2d7       22%         4
f - Summon Small Mammal   Summ           80%        N/A       2%          1
g - Poisonous Vapours     Pois/Air       40%        N/A       3%          2
Your spell library was empty.

Dungeon Overview and Level Annotations

Branches:
Dungeon (5/15)
 Temple: D:4-7

Altars:
Hepliaklqana
Xom

Shops:
D:2 [

Annotations:
D:5 Prince Ribbit


Innate Abilities, Weirdness & Mutations

You are immune to sickness and miasma.
You are immune to poison.
Your flesh is very heat resistant. (rF++)
You are vulnerable to cold. (rC-)
You float through the air rather than walking.
You learn spells naturally, not from books.
Your magical power is your life essence.
You have superior vitality. (+4 MHP)


Message History

Casting: Poisonous Vapours (safe; 3% risk of failure)
Confirm with . or Enter, or press ? or * to list all spells.
You conjure some foxfire!
The foxfire hits the orc.
The orc is severely wounded.
The foxfire hits the orc.
You kill the orc!
Prince Ribbit, a scorpion and 3 orcs come into view.
The orc wizard shouts!
Prince Ribbit croaks.
Prince Ribbit croaks regally.
Things that are here:
a +0 club; a +0 leather armour An orc comes into view.
It is wielding a +0 club.
The orc wizard gestures at you while chanting.
The puff of flame misses you. The orc warrior closely misses you.
An ufetubus comes into view.
Prince Ribbit hits you but does no damage.
The orc wizard closely misses you. The orc warrior barely misses you.
Things that are here:
a +0 club; a +0 leather armour Prince Ribbit hops awkwardly around.
Prince Ribbit misses you. Prince Ribbit attacks as you move away!
Prince Ribbit hits you!
Casting: Foxfire (safe; 2% risk of failure)
Confirm with . or Enter, or press ? or * to list all spells.
Prince Ribbit hits you! Prince Ribbit misses you. Prince Ribbit hits your bat!
Your bat dies!
Your bat's corpse disappears in a puff of smoke!
The orc wizard casts a spell.
The orc wizard flickers and vanishes!
Deactivating autopickup; reactivate with Ctrl-A.
Prince Ribbit blinks!
Prince Ribbit hits you. Prince Ribbit barely misses you.
Prince Ribbit hits you.
* * * LOW HITPOINT WARNING * * *
Prince Ribbit attacks as you move away! Prince Ribbit hits you!
* * * LOW HITPOINT WARNING * * *
Prince Ribbit hits you.
You die...

### ..... ..# ..5.. #.#
#...# #.# ...# ### #.#
os.## # ##.###.#####
#.#.## #
####.<........###5...####.
+........@F..o..o.s.....+.
####...##.###.###o...####.
##.##..# #.# #.#.## #
#.##.####.# #.### #
#.........# ..#
####.###### .## #.# . #.#
#. #.#


You could see Prince Ribbit, an orc warrior and an orc.

Vanquished Creatures
  A black bear (D:4)
  Crazy Yiuf (D:2)
  2 orc wizards (D:4)
  5 adders
  4 worms (D:3)
  A dart slug (D:4)
  6 orcs
  4 endoplasms
  5 giant cockroaches
  5 goblins
  5 hobgoblins
  A quokka (D:1)
  4 ball pythons
  5 bats
  3 frilled lizards
  10 kobolds
  5 rats
67 creatures vanquished.

Vanquished Creatures (collateral kills)
  A worm (D:2)
  An endoplasm (D:4)
  A frilled lizard (D:3)
3 creatures vanquished.

Vanquished Creatures (others)
  135 foxfires
135 creatures vanquished.

Grand Total: 205 creatures vanquished

Notes
Turn   | Place    | Note
-------+----------+-------------------------------------------
     0 | D:1      | jlumianski the Djinni Fire Elementalist began the quest for
                  | the Orb.
     0 | D:1      | jlumianski set off with the following spells memorised:
                  | Foxfire, Scorch, Volatile Blastmotes, Inner Flame, Flame
                  | Wave.
     0 | D:1      | Reached XP level 1. HP: 15/15 MP: 0/0
    85 | D:1      | Found a faded altar of an unknown god.
   114 | D:1      | Reached XP level 2. HP: 19/21 MP: 0/0
   238 | D:2      | Reached XP level 3. HP: 23/25 MP: 0/0
   238 | D:2      | Learned a level 1 spell: Summon Small Mammal
   782 | D:2      | Found a runed translucent door.
   783 | D:2      | Noticed Crazy Yiuf
   841 | D:2      | Found Doq Lucikus's Armour Boutique.
  1040 | D:3      | Reached XP level 4. HP: 30/31 MP: 0/0
  1424 | D:2      | Killed Crazy Yiuf
  1905 | D:3      | Reached XP level 5. HP: 33/35 MP: 0/0
  1905 | D:3      | Learned a level 2 spell: Poisonous Vapours
  2270 | D:3      | Found a hazy altar of Hepliaklqana.
  2543 | D:5      | Entered Level 5 of the Dungeon
  2717 | D:4      | Found a shimmering altar of Xom.
  2800 | D:4      | Reached XP level 6. HP: 35/41 MP: 0/0
  2885 | D:4      | Noticed a black bear
  2913 | D:4      | Killed a black bear
  3749 | D:5      | Noticed Prince Ribbit
  3749 | D:5      | Noticed an orc warrior
  3759 | D:5      | Slain by Prince Ribbit

Illustrated notes

Levels and vault maps discovered:
D:1:      dpeg_arrival_round_c, layout_basic, chequers_ecumenical_altar_simple,
          minmay_distorted
D:2:      layout_loops_ring, serial_shops, nicolae_shop_real_fake_doors,
          uniq_crazy_yiuf_cottage
D:3:      layout_loops_ring, mainiacjoe_overflow_catwalk, nicolae_wormholes
D:4:      layout_loops_ring, mainiacjoe_overflow_alcove_1,
          chequers_serial_rivers_room_a
D:5:      layout_loops_corners, gammafunk_ghost_necromancy, uniq_ijyb,
          uniq_prince_ribbit1, uniq_menkaure

Skill      XL: |  1  2  3  4  5 |
---------------+----------------+-----
Spellcasting   | 4 |  4.4
Conjurations   | 4 |  4.4
Hexes          | 4 |  4.4
Summonings     | 4 |  4.4
Necromancy     | 4 |  4.4
Translocations | 4 |  4.4
Transmutations | 4 |  4.4
Fire Magic     | 4 |  4.4
Ice Magic      | 4 |  4.4
Air Magic      | 4 |  4.4
Earth Magic    | 4 |  4.4
Poison Magic   | 4 |  4.4
Stealth        | 2 |  2.8
Dodging        | 3 |  3.7
Fighting       | |  0.8
Short Blades   | |  0.9

Action                     |  1- 3 |  4- 6 || total
---------------------------+-------+-------++-------
  Melee: Unarmed           |     1 |       ||     1
         Short sword       |     5 |    19 ||    24
   Cast: Foxfire           |    36 |    40 ||    76
         Summon Small Mamm |     1 |    17 ||    18
         Inner Flame       |       |    11 ||    11
         Scorch            |       |     6 ||     6
         Poisonous Vapours |       |     3 ||     3
         Volatile Blastmot |       |     3 ||     3
    Use: Scroll            |       |     6 ||     6
         Potion            |       |     1 ||     1
   Stab: Sleeping          |       |     1 ||     1
 Armour: Robe              |     1 |    16 ||    17
  Dodge: Dodged            |     7 |    57 ||    64

Table legend: (Time is in decaauts)
 A = Elapsed time spent in this place.
 B = Non-inter-level travel time spent in this place.
 C = Inter-level travel time spent in this place.
 D = Time resting spent in this place.
 E = Time spent auto-exploring this place.
 F = Levels seen in this place.
 G = Mean time per level.
                   A        B        C        D        E       F      G
               +--------+--------+--------+--------+--------+-----+--------+
         Total |   3766 |   3632 |    134 |    379 |   2196 |   5 |  753.2 |
       Dungeon |   3766 |   3632 |    134 |    379 |   2196 |   5 |  753.2 |
               +--------+--------+--------+--------+--------+-----+--------+

Top non-repeatable levels by time:
     D:4: 1137 daAuts
     D:3: 1102 daAuts
     D:2: 944 daAuts
     D:1: 535 daAuts
     D:5: 47 daAuts
